 Dungeon Crawl Stone Soup version 0.25-a0-346-g140ab784a8 (webtiles) character file.

Game seed: 6190027299950992933, levelgen mode: deterministic

21 PentaManta the Charmwright (level 2, -1/15 HPs)
             Began as a Vine Stalker Skald on Jan 1, 2020.
             Slain by a quokka (2 damage)
             ... on level 2 of the Dungeon.
             The game lasted 00:05:10 (1114 turns).

PentaManta the Charmwright (Vine Stalker Skald)     Turns: 1114, Time: 00:05:11

Health: -1/15      AC:  3    Str: 10    XL:     2   Next: 83%
Magic:  0/6        EV: 11    Int: 15    God:
Gold:   74         SH:  0    Dex: 13    Spells: 4/5 levels left

rFire    . . .     SeeInvis .   a - +0 short sword
rCold    . . .     Gourm    .   (no shield)
rNeg     . . .     Faith    .   i - +0 leather armour (curse)
rPois    .         Spirit   +   (no helmet)
rElec    .         Reflect  .   (no cloak)
rCorr    .         Harm     .   (no gloves)
MR       .....                  (no boots)
Stlth    +.........             (no amulet)
HPRegen  0.05/turn              c - -3 ring of strength (curse)
MPRegen  0.10/turn              b - +2 ring of intelligence

@: no status effects
A: fangs 2, magic shield, antimagic bite, no potion heal 3, rot immunity
a: no special abilities


You were on level 2 of the Dungeon.
You were hungry.

You visited 1 branch of the dungeon, and saw 2 of its levels.

You collected 74 gold pieces.

Inventory:

Hand Weapons
 a - a +0 short sword (weapon)
Armour
 i - a cursed +0 leather armour (worn)
Jewellery
 b - a +2 ring of intelligence (right hand)
 c - a cursed -3 ring of strength (left hand)
Scrolls
 g - 3 scrolls of identify
 h - a scroll of amnesia {unknown}
Potions
 e - a potion of curing
 f - 3 potions of flight
 j - a potion of brilliance {unknown}
Comestibles
 d - 4 rations


   Skills:
 + Level 2.2 Fighting
 + Level 2.2 Short Blades
 - Level 0.7 Armour
 - Level 1.5 Dodging
 - Level 2.3 Spellcasting
 - Level 3.1 Charms


You had 4 spell levels left.
You knew the following spells:

 Your Spells              Type           Power        Failure   Level  Hunger
a - Infusion              Chrm           ##..         9%          1    #......

Your spell library contained the following spells:

 Spells                   Type           Power        Failure   Level  Hunger
 Song of Slaying          Chrm           ##......     12%         2    ###....
 Shroud of Golubria       Chrm/Tloc      #.....       24%         2    ###....
 Regeneration             Chrm/Necr      #.........   43%         3    ###....
 Spectral Weapon          Hex/Chrm       #.......     43%         3    ###....


Dungeon Overview and Level Annotations

Branches:
Dungeon (2/15)

Altars:
Cheibriados


Innate Abilities, Weirdness & Mutations

You have extremely sharp teeth.
When hurt, damage is shared between your health and your magic reserves.
Your bite disrupts and absorbs the magic of your enemies.
Potions cannot restore your health.
You are immune to rotting.


Message History

Okay, then.
You hit the adder.
You kill the adder!
* * * LOW HITPOINT WARNING * * *
You feel sick. The quokka bites you.
* * * LOW HITPOINT WARNING * * *
The quokka closely misses you. The quokka barely misses you.
You see here an adder corpse.
Okay, then.
It was a potion of curing.
Your system rejects the healing.
You feel better. The quokka closely misses you.
Okay, then.
You hit the quokka.
The quokka is lightly wounded.
The quokka bites you.
* * * LOW HITPOINT WARNING * * *
You have no ailments to cure.
The quokka bites you.
You die...

..## # .#.# .. ..
... ... .
#.###.#+#####...
#.#...............
...............#
#....##........#
........@r†)...#≈.
###...<..........
####.....[r...♣
#...........
#........#≈.
#.....?..# ≈
##########


You could see a quokka and a neutral quokka (wandering).

Vanquished Creatures
  An adder (D:2)
  A giant cockroach (D:1)
  A goblin (D:2)
  4 hobgoblins (D:1)
  A ball python (D:1)
  3 bats
11 creatures vanquished.

Notes
Turn   | Place    | Note
-------+----------+-------------------------------------------
     0 | D:1      | PentaManta the Vine Stalker Skald began the quest for the
                  | Orb.
     0 | D:1      | Reached XP level 1. HP: 11/11 MP: 4/4
   363 | D:1      | Reached XP level 2. HP: 10/15 MP: 4/6
   757 | D:2      | Found a snail-covered altar of Cheibriados.
   777 | D:2      | Noticed an ice beast
  1114 | D:2      | Slain by a quokka

Levels and vault maps discovered:
D:1:      erik_arrival_blinker_ship, layout_basic, minivault_14, fountainhead
D:2:      layout_basic, cheibriados_altar_1, elyvilon_altar_4, first_ration

Skill      XL: |  1  2 |
---------------+-------+-----
Fighting       | 2 |  2.2
Short Blades   | 2 |  2.2
Armour         | |  0.7
Dodging        | |  1.5
Spellcasting   | |  2.3
Charms         | |  3.1

Action                   || total
-------------------------++-------
Melee: Short sword       ||    58
       Bite              ||    12
 Cast: Infusion          ||     1
  Use: Scroll            ||     3
       Potion            ||     1
 Stab: Sleeping          ||     1
Armor: Leather armour    ||    25
Dodge: Dodged            ||    46

Table legend:
 A = Non-vault XP
 B = Vault XP
 C = Vault XP percentage of total XP
 D = Non-vault monster count
 E = Vault monster count
 F = Vault count percentage of total count
                 A         B        C        D         E       F
            +---------+---------+-------+---------+---------+-------
      Total |      30 |       0 |   0.0 |      11 |       0 |   0.0
            +---------+---------+-------+---------+---------+-------
        D:1 |      13 |       0 |   0.0 |       8 |       0 |   0.0
        D:2 |      17 |       0 |   0.0 |       3 |       0 |   0.0
            +---------+---------+-------+---------+---------+-------
